 Dungeon Crawl Stone Soup version 0.19.4-9-g45fd643 (webtiles) character file.

9708 MirrMurr the Severer (level 11, 0/104 HPs)
             Began as a Minotaur Fighter on Feb 20, 2017.
             Was a High Priest of Okawaru.
             Slain by a 12-headed hydra (6 damage)
             ... on level 1 of the Lair of Beasts.
             The game lasted 00:24:42 (11450 turns).

MirrMurr the Severer (Minotaur Fighter)            Turns: 11450, Time: 00:24:43

Health: 0/104      AC: 19    Str: 24    XL:     11   Next: 26%
Magic:  9/10       EV:  8    Int:  5    God:    Okawaru [*****.]
Gold:   372        SH: 11    Dex: 10    Spells: 0 memorised, 10 levels left

rFire  . . .     SeeInvis .     b - +3 war axe (holy)
rCold  + + .     Gourm    .     M - +1 plate armour {rC+}
rNeg   . . .     Faith    .     c - +0 shield
rPois  +         Spirit   .     (helmet restricted)
rElec  .         Reflect  .     R - +0 cloak {rPois}
rCorr  .         Harm     .     q - +1 pair of gloves
MR     +....                    (no boots)
Stlth  ..........               (no amulet)
                                P - ring of protection from cold
                                D - ring of protection from magic

@: heroism
A: retaliatory headbutt, horns 2
a: Heroism, Finesse, Renounce Religion


You were on level 1 of the Lair of Beasts.
You worshipped Okawaru.
Okawaru was extremely pleased with you.
You were not hungry.

You visited 2 branches of the dungeon, and saw 12 of its levels.

You collected 796 gold pieces.
You spent 424 gold pieces at shops.

Inventory:

Hand Weapons
 a - a +0 war axe
 b - a +3 war axe of holy wrath (weapon)
Missiles
 p - 16 javelins (quivered)
 E - 18 poisoned needles
Armour
 c - a +0 shield (worn)
 q - a +1 pair of gloves (worn)
 M - a +1 plate armour of cold resistance (worn)
 R - a +0 cloak of poison resistance (worn)
Jewellery
 D - a ring of protection from magic (left hand)
 P - a ring of protection from cold (right hand)
Wands
 d - a wand of teleportation (1/9)
 g - a wand of flame (35/48)
 n - a wand of flame (33/48)
 v - a wand of lightning (8/15)
 B - a wand of polymorph (13/24)
 G - a wand of lightning (10/15)
 K - a wand of flame (29/48)
 L - a wand of paralysis (5/24)
 S - a wand of polymorph (16/24)
Scrolls
 r - 4 scrolls of remove curse
 u - 2 scrolls of fog
 w - a scroll of blinking
 z - a scroll of fear
 C - 3 scrolls of enchant weapon
 H - 2 scrolls of recharging
 J - a scroll of teleportation
Potions
 e - 2 potions of cure mutation
 h - a potion of magic
 i - a potion of agility {unknown}
 k - a potion of ambrosia
 m - 5 potions of heal wounds
 o - a potion of resistance
 t - 4 potions of flight
 A - 4 potions of curing
 F - a potion of haste {unknown}
 N - a potion of degeneration {unknown}
 O - a potion of berserk rage {unknown}
 Q - 2 potions of brilliance
Comestibles
 f - 10 bread rations
 j - 4 fruits
 l - 3 royal jellies
 s - 3 beef jerkies
 x - 3 meat rations


   Skills:
 + Level 11.9(16.9) Fighting
 * Level 16.1(21.1) Axes
 + Level 5.8(10.8) Armour
 - Level 3.6(8.6) Shields


You had 10 spell levels left.
You didn't know any spells.

Dungeon Overview and Level Annotations

Branches:
Dungeon (11/15)            Temple (0/1) D:5            Lair (1/6) D:8
    Orc (0/2) D:9

Altars:
Ashenzari
Dithmenos
Elyvilon
Fedhas
Gozag
Hepliaklqana
Nemelex Xobeh
Okawaru
Trog
Uskayaw
Xom
Yredelemnul
Beogh

Shops:
D:6 !   D:11 [


Innate Abilities, Weirdness & Mutations

You reflexively headbutt those who attack you in melee.
You have a pair of horns on your head.


Message History

You hit the 11-headed hydra.
The 11-headed hydra is severely wounded.
You block the 11-headed hydra's attack.
The 11-headed hydra barely misses you. x2
The 11-headed hydra bites you but does no damage. x2
The 11-headed hydra barely misses you. The 11-headed hydra bites you!
* * * LOW HITPOINT WARNING * * *
The 11-headed hydra bites you but does no damage. x2
The 11-headed hydra bites you!
* * * LOW HITPOINT WARNING * * *
The 11-headed hydra bites you but does no damage.
You lop one of the 11-headed hydra's heads off!
The ten-headed hydra grows two more!
You slice the 12-headed hydra!!
The 12-headed hydra is almost dead.
Unknown command.
Your shield and plate armour prevent you from hitting the 12-headed hydra.
You headbutt the 12-headed hydra.
The 12-headed hydra is almost dead.
The 12-headed hydra bites you but does no damage.
The 12-headed hydra bites you.
You die...

...>... ##......#.#
.......###.........##
.......#.#..........# ######
.(.../..(...........###.##..
............................
#######.....................
###...................
#..D................
#..@................
#..................#
##..................
#..................#
##.................#
##...)............#
#................#
#P####P..[......##
###.##...#......#


You could see a 12-headed hydra.

Vanquished Creatures
  Pikel (D:7)
  2 ugly things
  A troll (D:11)
  Grinder (D:5)
  2 two-headed ogres
  2 hippogriffs
  The ghost of Rrauwl the Skirmisher, an amateur GrAK of Lugonu (D:4)
  4 yaks (D:10)
  A wyvern (D:8)
  Edmund (D:5)
  3 wargs (D:9)
  2 hell hounds (D:8)
  2 water moccasins
  2 porcupines (Lair:1)
  2 orc warriors
  A slave (D:7)
  3 black bears
  A phantom (D:9)
  3 ice beasts
  3 necrophages
  3 sky beasts
  6 ogres
  3 centaurs
  A crocodile (Lair:1)
  2 big kobolds
  6 bullfrogs
  5 scorpions
  A water moccasin skeleton (D:7)
  7 killer bees
  4 wights (D:10)
  2 howler monkeys (D:5)
  5 crimson imps
  2 centaur zombies
  2 quasits
  2 hounds
  A jelly (D:5)
  A bullfrog zombie (D:6)
  4 orc wizards
  A gnoll shaman (D:5)
  4 centaur skeletons
  9 orc priests
  7 worker ants
  A hound zombie (D:11)
  Robin (D:2)
  4 gnolls (D:5)
  A howler monkey skeleton (D:10)
  17 adders
  2 shadow imps
  2 adder skeletons
  An adder zombie (D:7)
  3 worms
  2 dart slugs (D:2)
  5 leopard geckos
  24 orcs
  6 bats
  2 giant cockroaches
  10 goblins
  7 hobgoblins
  6 jackals
  5 quokkas
  A ball python (D:4)
  9 frilled lizards
  A jackal skeleton (D:5)
  15 kobolds
  A leopard gecko skeleton (D:6)
  5 rats
247 creatures vanquished.

Vanquished Creatures (others)
  A wizard (D:4)
1 creature vanquished.

Grand Total: 248 creatures vanquished

Notes
Turn   | Place    | Note
-------+----------+-------------------------------------------
     0 | D:1      | MirrMurr the Minotaur Fighter began the quest for the Orb.
     0 | D:1      | Reached XP level 1. HP: 19/19 MP: 0/0
   164 | D:1      | Reached skill level 3 in Axes
   201 | D:1      | Reached XP level 2. HP: 21/27 MP: 1/1
   869 | D:1      | Reached XP level 3. HP: 33/33 MP: 2/2
   890 | D:2      | Reached skill level 4 in Axes
   956 | D:2      | Noticed Robin
   978 | D:2      | Killed Robin
   978 | D:2      | Reached XP level 4. HP: 30/41 MP: 3/3
  1218 | D:2      | Reached skill level 5 in Axes
  1997 | D:3      | Found a shimmering altar of Xom.
  2002 | D:3      | Reached XP level 5. HP: 45/47 MP: 4/4
  2096 | D:3      | Found a shadowy altar of Dithmenos.
  2191 | D:3      | Reached skill level 5 in Fighting
  2220 | D:3      | Found a hazy altar of Hepliaklqana.
  2409 | D:4      | Reached skill level 6 in Axes
  2495 | D:4      | Found a sparkling altar of Nemelex Xobeh.
  2497 | D:4      | Noticed an ogre
  2498 | D:4      | Found a hide-covered altar of Uskayaw.
  2507 | D:4      | Killed an ogre
  2507 | D:4      | Reached XP level 6. HP: 56/56 MP: 5/5
  2587 | D:4      | Found a shattered altar of Ashenzari.
  2665 | D:4      | Noticed Rrauwl's ghost (amateur GrAK)
  2673 | D:4      | Killed Rrauwl's ghost
  2673 | D:4      | Reached skill level 7 in Axes
  2696 | D:4      | Reached XP level 7. HP: 57/63 MP: 6/6
  2800 | D:4      | Reached skill level 8 in Axes
  3444 | D:4      | Found a bloodstained altar of Trog.
  3445 | D:4      | Noticed a wizard
  3450 | D:4      | Killed a wizard
  3542 | D:5      | Entered Level 5 of the Dungeon
  3546 | D:5      | Reached skill level 9 in Axes
  3570 | D:5      | Noticed Grinder
  3570 | D:5      | Found an opulent altar of Gozag.
  3592 | D:5      | Killed Grinder
  3592 | D:5      | Reached XP level 8. HP: 55/73 MP: 7/7
  3686 | D:5      | Noticed Edmund
  3705 | D:5      | Killed Edmund
  3705 | D:5      | Reached skill level 10 in Axes
  3937 | D:5      | Found an iron altar of Okawaru.
  3983 | D:5      | Became a worshipper of Warmaster Okawaru
  4485 | D:5      | Reached skill level 11 in Axes
  4492 | D:5      | Found a staircase to the Ecumenical Temple.
  4785 | D:6      | Reached * piety under Okawaru
  5221 | D:6      | Reached XP level 9. HP: 74/82 MP: 8/8
  5481 | D:6      | Found Regho's Distillery.
  5486 | D:6      | Bought a potion of curing for 36 gold pieces
  5546 | D:6      | Reached skill level 12 in Axes
  5848 | D:7      | Found a basalt altar of Yredelemnul.
  6153 | D:7      | Reached ** piety under Okawaru
  6157 | D:7      | You fall through a shaft for 3 floors!
  6157 | D:10     | Entered Level 10 of the Dungeon
  6370 | D:10     | Found a roughly hewn altar of Beogh.
  6544 | D:10     | Reached skill level 13 in Axes
  6737 | D:9      | Reached skill level 10 in Fighting
  6793 | D:9      | Found a staircase to the Orcish Mines.
  6810 | D:9      | Reached XP level 10. HP: 19/93 MP: 6/9
  7147 | D:8      | Found a staircase to the Lair.
  7360 | D:8      | Reached skill level 14 in Axes
  8008 | D:7      | Noticed Pikel
  8021 | D:7      | Killed Pikel
  8021 | D:7      | Reached *** piety under Okawaru
  8260 | D:7      | Got a faintly humming scale mail
  8271 | D:7      | Identified the cursed +1 scale mail of Wisdom {rElec Regen+} (You found it on level 7 of the Dungeon)
  8678 | D:8      | Found a white marble altar of Elyvilon.
  8949 | D:9      | Reached skill level 15 in Axes
  9154 | D:9      | Found a blossoming altar of Fedhas.
  9557 | D:10     | Reached **** piety under Okawaru
  9654 | D:10     | Noticed a brown ugly thing
  9676 | D:10     | Killed a brown ugly thing
 10237 | D:10     | Reached XP level 11. HP: 92/103 MP: 10/10
 10237 | D:10     | Reached skill level 5 in Armour
 10446 | D:11     | Found Liuddeyr's Antique Armour Emporium.
 10517 | D:11     | Noticed a green ugly thing
 10523 | D:11     | Killed a green ugly thing
 10558 | D:11     | Bought a glowing cloak for 388 gold pieces
 10595 | D:11     | Reached ***** piety under Okawaru
 10595 | D:11     | Received a gift from Okawaru
 10800 | D:11     | Reached skill level 16 in Axes
 11216 | Lair:1   | Entered Level 1 of the Lair of Beasts
 11428 | Lair:1   | Noticed a four-headed hydra
 11450 | Lair:1   | Slain by a 12-headed hydra

Skill      XL: |  1  2  3  4  5  6  7  8  9 10 11 |
---------------+----------------------------------+-----
Axes           | 3 4 5 6 7 9 11 13 15 16 | 16.1
Fighting       | 4 5 6 7 8 10 11 | 11.9
Armour         | 4 5 |  5.8
Shields        | |  3.6

Action                   |  1- 3 |  4- 6 |  7- 9 | 10-12 || total
-------------------------+-------+-------+-------+-------++-------
Melee: War axe           |    98 |    84 |   322 |   294 ||   798
       Headbutt          |    10 |    13 |    65 |    60 ||   148
Invok: Heroism           |       |       |     3 |     5 ||     8
Evoke: Wand              |       |       |     1 |       ||     1
  Use: Scroll            |     4 |     5 |     4 |     9 ||    22
       Potion            |       |     1 |       |       ||     1
  Eat: Chunk             |       |     6 |    13 |    13 ||    32
       Pizza             |       |       |       |     2 ||     2
Armor: Scale mail        |    36 |    19 |    96 |    42 ||   193
       Plate armour      |       |       |       |    98 ||    98
Dodge: Dodged            |    26 |    16 |    71 |    61 ||   174
Block: Shield            |    58 |    47 |   112 |   137 ||   354
